Match 45057829
Unlisted

Match 45057829
End
Scout Squad
Construct Weapon Support Center
M1919 Machine Gun Team
Engineer Squad
M1919 Machine Gun Team
Infantry Support Center
Bazooka Squad
.30 cal Machine Gun
Selects Advanced Infantry Battlegroup
Selects Artillery Observers
Construct Medical Station
Mortar Pit
M3 Armored Personnel Carrier
Sniper
Construct Tank Depot
.30 cal Machine Gun
Selects Convert to Ranger Squad
Selects Designate Assault Position
M4A1 Sherman Medium Tank
Selects Infantry Assault
Infantry Assault
HulkSMASH
⚓️Ruby⚓
Eilte
✠Kaiser✠ PERVITIN
0
0

Comments sign in to comment!

No comments posted yet!